 Dungeon Crawl Stone Soup version 0.29.0-4-gdea44cf6ec (webtiles) character file.

Game seed: 18116879224204113281

130 qw the Chopper (level 5, -8/30 HPs)
             Began as a Tengu Warper on Aug 28, 2022.
             Mangled by an ogre
             ... wielding a +0 giant spiked club
              (26 damage)
             ... on level 4 of the Dungeon.
             The game lasted 00:00:18 (3013 turns).

qw the Chopper (Tengu Warper)                       Turns: 3013, Time: 00:00:18

Health: -8/30      AC:  6    Str: 11 (14) XL:     5   Next: 14%
Magic:  9/9        EV: 10    Int: 12 (13) God:
Gold:   101        SH:  0    Dex: 11 (13) Spells: 8/8 levels left

rFire   + . .      SeeInvis .   Y - +1 hand axe (chaos)
rCold   + . .      Faith    .   (no shield)
rNeg    . . .      Spirit   .   j - +0 scale mail
rPois   .          Reflect  .   (helmet restricted)
rElec   .          Harm     .   (no cloak)
rCorr   .          Rampage  .   (no gloves)
Will    .....                   (boots unavailable)
Stlth   ..........              (no amulet)
HPRegen 0.10/turn               f - ring of protection from fire
MPRegen 0.11/turn               b - ring of protection from cold

@: flying quickly and evasively, quick
A: beak, talons 3, nimble flight
a: no special abilities


You were on level 4 of the Dungeon.
You visited 1 branch of the dungeon, and saw 4 of its levels.

You collected 101 gold pieces.


Innate Abilities, Weirdness & Mutations

You have a beak for a mouth.
You have claws for feet.
Your magical nature lets you fly swiftly and evasively.


   Skills:
 - Level 2.0 Fighting
 + Level 5.7 Axes
 - Level 1.0 Throwing
 - Level 1.1 Armour
 - Level 2.1 Dodging
 - Level 2.0 Spellcasting
 - Level 2.4 Translocations


You had 8 spell levels left.
You didn't know any spells.
Your spell library contained the following spells:

 Spells                   Type           Power      Damage    Failure   Level
 Blink                    Tloc           12%        N/A       67%         2
 Gell's Gravitas          Tloc           6%         N/A       88%         3
 Lesser Beckoning         Tloc           6%         N/A       88%         3
 Teleport Other           Tloc           6%         N/A       88%         3
 Manifold Assault         Tloc           6%         N/A       100%        5

Inventory:

Hand Weapons
 u - a +0 flail
 Y - a +1 hand axe of chaos (weapon)
Armour
 j - a +0 scale mail (worn)
Jewellery
 b - a ring of protection from cold (right hand)
 f - a ring of protection from fire (left hand)
 p - a ring of protection from cold
Scrolls
 c - 2 scrolls of teleportation
 e - 2 scrolls of enchant armour
 h - a scroll of identify
Potions
 d - a potion of resistance
 g - a potion of lignification {unknown}
 k - a potion of magic {unknown}
 l - a potion of ambrosia {unknown}
 n - a potion of curing {unknown}
 q - a potion of heal wounds
 t - a potion of haste {unknown}

Dungeon Overview and Level Annotations

Branches:
Dungeon (4/15)
 Temple: D:4-7

Altars:
Xom


Message History

Done exploring.
2976 ||| DROPPING potion of degeneration.
You drop a potion of degeneration.
Done exploring.
(D) Dungeon
Where to? (* - list waypoints, Enter - D:3, ? - help)
What level of the Dungeon? (default 1, ? - help)
There is a stone staircase leading down here.
You fly downwards.
The kobold shouts!
You hear a shout!
There is a stone staircase leading up here.
A kobold is nearby!
Existing waypoints: (1) D:2 (2) D:3 Assign waypoint to what number? (0-9, D - delete waypoint) Waypoint 1 re-assigned from D:2 to D:4.
Enter note: The kobold throws a stone.
The stone hits you but does no damage.
An ogre comes into view. It is wielding a +0 giant spiked club.
3006 ||| STAIRDANCE The kobold hits you but does no damage.
You fly upwards.
There is a stone staircase leading down here.
You barely miss the kobold. You claw the kobold.
You kill the kobold!
Done exploring.
(D) Dungeon
Where to? (* - list waypoints, Enter - D:4, ? - help)
What level of the Dungeon? (default 1, ? - help)
You fly downwards.
There is a stone staircase leading up here.
An ogre is nearby!
You hit the ogre but do no damage. You peck the ogre.
The ogre is lightly wounded.
The ogre hits you with a +0 giant spiked club!
You barely miss the ogre. You claw the ogre, but do no damage.
The ogre is lightly wounded.
The ogre hits you with a +0 giant spiked club!!
Ouch! That really hurt!
You die...

######
.....##
.......
.......
.....#
.....##
##.......
#@O......
#........
#........
#......##
#......#
##.......
.......
.......


You could see an ogre.

Vanquished Creatures
  3 gnolls (D:2)
  3 adders
  3 worms
  An orc (D:3)
  3 bats
  12 giant cockroaches (D:3)
  10 goblins
  4 hobgoblins
  5 jackals
  2 quokkas
  A ball python (D:2)
  4 frilled lizards
  4 kobolds
  2 rats
57 creatures vanquished.

Notes
Turn   | Place    | Note
-------+----------+-------------------------------------------
     0 | D:1      | qw the Tengu Warper began the quest for the Orb.
     0 | D:1      | Reached XP level 1. HP: 12/12 MP: 4/4
     0 | D:1      | 0 ||| qw: Version: 0.1-a-89-g26bdef1
     0 | D:1      | 0 ||| qw: Game counter: 3045
     0 | D:1      | 0 ||| qw: Always use a shield: true
     0 | D:1      | 0 ||| qw: God list: Okawaru
     0 | D:1      | 0 ||| qw: Allow faded altars: false
     0 | D:1      | 0 ||| qw: Do Orc after D:15 true
     0 | D:1      | 0 ||| qw: Do second Lair branch before Depths: true
     0 | D:1      | 0 ||| qw: Lair rune preference: random
     0 | D:1      | 0 ||| qw: Plans: Normal
     0 | D:1      | 0 ||| PLANNING D:1-11
    44 | D:1      | 44 ||| Stepping ~*~*~tactically~*~*~ (stealth).
    98 | D:1      | Found a faded altar of an unknown god.
   184 | D:1      | 184 ||| Stepping ~*~*~tactically~*~*~ (stealth).
   186 | D:1      | 186 ||| Stepping ~*~*~tactically~*~*~ (stealth).
   188 | D:1      | 188 ||| Stepping ~*~*~tactically~*~*~ (stealth).
   202 | D:1      | Reached XP level 2. HP: 17/17 MP: 6/6
   264 | D:1      | Reached skill level 3 in Axes
   502 | D:1      | 502 ||| UPGRADING to +0 scale mail.
   512 | D:1      | 512 ||| DROPPING +0 leather armour.
   513 | D:1      | 513 ||| UPGRADING to ring of protection from fire.
   514 | D:1      | 514 ||| READING scroll labelled LORCHU ZEYTAO.
   515 | D:1      | 515 ||| READING scroll labelled BIFOLO UDIS.
   516 | D:1      | 516 ||| READING scroll labelled UCZUSM BUQ LEH.
   520 | D:1      | 520 ||| DRINKING 2 fizzy inky potions.
   521 | D:1      | 521 ||| DROPPING scroll of blinking.
   577 | D:2      | 577 ||| Stepping ~*~*~tactically~*~*~ (stealth).
   587 | D:2      | Found a shimmering altar of Xom.
   588 | D:2      | 588 ||| Stepping ~*~*~tactically~*~*~ (stealth).
   589 | D:2      | 589 ||| Stepping ~*~*~tactically~*~*~ (stealth).
   694 | D:2      | Reached XP level 3. HP: 15/21 MP: 7/7
   701 | D:2      | Reached skill level 4 in Axes
   708 | D:2      | HP: 5/21 [constriction (1)]
   709 | D:2      | 709 ||| DRINKING potion of heal wounds.
   895 | D:2      | Reached XP level 4. HP: 20/26 MP: 8/8
  1402 | D:2      | Reached skill level 5 in Axes
  1840 | D:2      | 1840 ||| UPGRADING to ring of protection from cold.
  1841 | D:2      | 1841 ||| READING scroll labelled XEECA NIXALI.
  1842 | D:2      | 1842 ||| READING scroll labelled KOSMOU XUBUEKE.
  1843 | D:2      | 1843 ||| READING scroll labelled UWUKAI YTECEPNAPN.
  1944 | D:2      | 1944 ||| DRINKING 2 fuming orange potions.
  1945 | D:2      | 1945 ||| DROPPING potion of flight.
  2024 | D:3      | 2024 ||| Stepping ~*~*~tactically~*~*~ (stealth).
  2053 | D:3      | 2053 ||| FLEEEEING.
  2054 | D:3      | 2054 ||| FLEEEEING.
  2055 | D:3      | 2055 ||| FLEEEEING.
  2066 | D:3      | 2066 ||| FLEEEEING.
  2071 | D:3      | 2071 ||| FLEEEEING.
  2072 | D:3      | 2072 ||| FLEEEEING.
  2073 | D:3      | 2073 ||| FLEEEEING.
  2074 | D:3      | 2074 ||| FLEEEEING.
  2075 | D:3      | 2075 ||| FLEEEEING.
  2076 | D:3      | 2076 ||| FLEEEEING.
  2077 | D:3      | 2077 ||| STAIRDANCE
  2239 | D:3      | 2239 ||| Stepping ~*~*~tactically~*~*~ (stealth).
  2524 | D:3      | Gained mutation: Your magical nature lets you fly swiftly
                  | and evasively. [Tengu growth]
  2524 | D:3      | Reached XP level 5. HP: 30/30 MP: 9/9
  2835 | D:3      | 2835 ||| DROPPING +0 mace.
  2836 | D:3      | 2836 ||| READING scroll labelled NEMEOM SOPUOPT.
  2837 | D:3      | 2837 ||| READING scroll labelled GOXTAP NEZUCWIUV.
  2972 | D:3      | 2972 ||| READING scroll labelled LEJ UPNAMI.
  2973 | D:3      | 2973 ||| READING scroll labelled COSCHOAP GEGH.
  2974 | D:3      | 2974 ||| DRINKING 2 silvery potions.
  2975 | D:3      | 2975 ||| READING 2 scrolls of identify.
  2975 | D:3      | 2975 ||| IDENTIFYING coppery potion
  2976 | D:3      | 2976 ||| DROPPING potion of degeneration.
  3005 | D:4      | Noticed an ogre
  3006 | D:4      | 3006 ||| STAIRDANCE
  3013 | D:4      | Mangled by an ogre

Levels and vault maps discovered:
D:1:      roderic_crossed_star, layout_rooms,
          hellmonk_ecumenical_altar_crossroads, minmay_misc_feat_chi,
          minmay_cupped
D:2:      layout_basic, basic_altar
D:3:      minmay_roachtagon, layout_basic, kennysheep_decorative_pillar,
          minmay_close_crescents
D:4:      layout_gridville, old_standard_altar, lemuel_tele_altar,
          minmay_temple_entry_butterflies

Skill      XL: |  1  2  3  4 |
---------------+-------------+-----
Axes           | 3 4 5 |  5.7
Fighting       | |  2.0
Throwing       | |  1.0
Armour         | |  1.1
Dodging        | |  2.1
Spellcasting   | |  2.0
Translocations | |  2.4

Action                   |  1- 3 |  4- 6 || total
-------------------------+-------+-------++-------
Melee: Hand axe          |    52 |    77 ||   129
       Kick              |     9 |    24 ||    33
       Peck              |     8 |    13 ||    21
Throw: Boomerang         |     7 |       ||     7
  Use: Scroll            |     3 |     8 ||    11
       Potion            |     2 |     2 ||     4
 Stab: Petrifying        |       |     1 ||     1
Armor: Leather armour    |     2 |       ||     2
       Scale mail        |     8 |    31 ||    39
Dodge: Dodged            |    27 |    20 ||    47

Table legend:
 A = Non-vault XP
 B = Vault XP
 C = Vault XP percentage of total XP
 D = Non-vault monster count
 E = Vault monster count
 F = Vault count percentage of total count
                 A         B        C        D         E       F
            +---------+---------+-------+---------+---------+-------
      Total |     147 |      40 |  21.4 |      37 |      20 |  35.1
            +---------+---------+-------+---------+---------+-------
        D:1 |      16 |       4 |  20.0 |       9 |       3 |  25.0
        D:2 |      95 |       0 |   0.0 |      16 |       0 |   0.0
        D:3 |      36 |      36 |  50.0 |      12 |      17 |  58.6
            +---------+---------+-------+---------+---------+-------
